AoeStats
← ale544

Pilgrims

510254486Analyzed
2v2 RM · 3d ago on Sep 30, 2026· 21m 57s· 4 players
Game mode
Random Map
Map size
Medium (4 player)
Population
200
Speed
Normal
Resources
Standard
Victory
Conquest
Starting age
Dark Age
Ending age
Imperial Age
RankedLock teamsTeams togetherTeam positionsShared explorationLock speedFull tech treeHidden civsTurbo modeCheats
Victory
Defeat
🇨🇴 Inca · Colombia
979
+12
🇺🇸 Spanish · United States
783
+21
🇬🇧 Huns · United Kingdom
896
-17
🇭🇳 Burgundians · Honduras
884
-16
ale544
7:52 Loom
14:02 Feudal Age
13:04 Fishing Lines
OLIFANT
YourDuality
10:14 Feudal Age
11:13 Champi Runner
14:16 Arson
20:03 Forging
19:53 Scale Mail Armor
Mahamantri Bidur
5:09 Loom
14:09 Feudal Age
14:53 Double-Bit Axe
14:53 Horse Collar
15:06 Stone Mining
15:55 Wheelbarrow
15:51 Gold Mining
16:08 Fishing Lines
21:05 Fletching
21:25 Forging
21:16 Scale Mail Armor
21:17 Padded Archer Armor
24:29 Castle Age
Connection lost

Rejoining the realm…

Still unreachable

The connection could not be restored.

Session expired

The server has moved on; the page needs a fresh start.